Unix NetHack Version 5.0.0-0 post-release - last build May 17 2026 04:57:42 (dc50c8380fa5e20985bfe3072449f57b8d9895ef,branch:main).

Game began 2026-05-20 16:31:59, ended 2026-05-20 16:44:20.

ArrBianca, lawful female dwarven Archeologist

                     -----
           ----      -.|.----               --- ----
          --..----........|.-----------------.---..|
          |....|...................................--    ----
          --............).--------------.......*.*...|  --..--
           |............               |.............-- |....|
          --....|  ..--               --.......... ^..--|.|.--
          |.....|. ..|           |.. --...    ..... ....|.|--
          |..........---        --.......      ..........<|
         --............---     --........       .........--
        --...............----- |........-        ......
        |..........---.....|.^||..---.|@|         ....-
        -.|....|..-  --.......|       ---          ....
        .---..-----  --.....0--                     --.
           ----      |.......0|
                     |.....^..---
                     --.).......|
                      ---.|.....|
                          --.----
                           ---

ArrBianca the Field Worker  St:12 Dx:7 Co:16 In:15 Wi:16 Ch:10  Lawful
Dlvl:5  $:0  HP:0(38) Pw:15(15) AC:4  Xp:5 T:2132  Burdened

Latest messages:
 The giant ant bites!
 The giant ant bites!
 The giant ant bites!
 The giant ant bites!
 The giant ant bites!
 The giant ant bites!
 You miss the giant ant.
 The giant ant bites!
 The giant ant bites!
 The giant ant bites!
 The giant ant bites!
 Are you sure you want to pray? [yn] (n) y
 You begin praying to Quetzalcoatl.
 You are surrounded by a shimmering light.
 The giant ant starts to attack you, but pulls back.
 The giant ant starts to attack you, but pulls back.
 The giant ant starts to attack you, but pulls back.
 The giant ant starts to attack you, but pulls back.
 The giant ant starts to attack you, but pulls back.
 The giant ant starts to attack you, but pulls back.
 The giant ant starts to attack you, but pulls back.
 The giant ant starts to attack you, but pulls back.
 You finish your prayer.
 You feel that Quetzalcoatl is well-pleased.
 You feel much better.
 a - a +2 bullwhip (weapon in right hand).
 t - a morning star named Trollsbane (alternate weapon; not wielded).
 The giant ant bites!
 The giant ant bites!
 The giant ant bites!
 You miss the giant ant.
 The giant ant bites!
 The giant ant just misses!
 The giant ant bites!
 You read the scroll.
 Where do you want to center the explosion?
 (For instructions type a '?')
 Boom!
 The giant ant is caught in the tower of flame!
 You kill the giant ant!
 You kill it!
 The giant ant is caught in the tower of flame!
 You kill the giant ant!
 Your studded leather armor smoulders!
 Your sky blue potion boils and explodes!
 Something seems to be holding you.
 The tower of flame is fatal.
 Do you want your possessions identified? [ynq] (y) n
 Do you want to see your attributes? [ynq] (y) n
 Do you want an account of creatures vanquished? [ynaq] (y) q

Inventory:
 Weapons  (')')
  G - 2 +0 darts
  a - a +2 bullwhip (weapon in right hand)
  t - the +2 Trollsbane (alternate weapon; not wielded)
 Armor    ('[')
  c - an uncursed +0 fedora (being worn)
  l - a blessed +0 orcish helm
  m - an uncursed +0 pair of low boots (being worn)
  j - an uncursed +0 dwarvish roundshield (being worn)
  r - a blessed burnt +0 studded leather armor (being worn)
 Comestibles  ('%')
  d - 8 uncursed food rations
  k - 2 uncursed tripe rations
  w - an uncursed homemade tin of gecko meat
  E - an uncursed homemade tin of gnome meat
 Scrolls  ('?')
  F - 2 uncursed scrolls of blank paper
  q - a cursed scroll of remove curse
 Potions  ('!')
  o - an uncursed potion of blindness
 Tools    ('(')
  h - an empty uncursed sack
  A - a cursed magic marker (0:48)
  e - a +0 pick-axe
  f - a tinning kit (0:29)
 Gems/Stones  ('*')
  g - an uncursed touchstone

ArrBianca the Archeologist's attributes:

Background:
 You were a Field Worker, a level 5 female dwarven Archeologist.
 You were lawful, on a mission for Quetzalcoatl
 who was opposed by Camaxtli (neutral) and Huhetotl (chaotic).
 You were right-handed.
 You were in the Gnomish Mines, on level 5.
 You entered the dungeon 2132 turns ago.
 You had 184 experience points, 136 more were needed to attain level 6.

Basics:
 You had 0 out of 38 hit points.
 You had all 15 energy points (spell power).
 Your armor class was 5.
 Your wallet was empty.
 Autopickup was on for '$?!/="+%' plus thrown, with exceptions.

Final Characteristics:
 Your strength was 12 (limit:18/100).
 Your dexterity was 7 (limit:20).
 Your constitution was 16 (limit:20).
 Your intelligence was 15 (limit:16).
 Your wisdom was 16 (limit:16).
 Your charisma was 10 (limit:16).

Final Status:
 You weren't hungry.
 You were burdened; movement was slightly slowed.
 You were wielding a whip.
 You had basic skill with whip.

Final Attributes:
 You were piously aligned.
 You had automatic searching.
 You had infravision.
 You were stealthy.
 You were warded.
 You were lucky.
 You are dead.

Miscellaneous:
 You didn't encounter any bones levels.
 Total elapsed playing time was 12 minutes and 21 seconds.

Major events:
 Turn
    1: ArrBianca the lawful female dwarven Archeologist entered the dungeon
  863: found Trollsbane on the floor
  871: attained the rank of Field Worker (level 3)
 1406: entered the Gnomish Mines
 2132: burned by a tower of flame, while frozen by a potion

You didn't know any spells.

Skills:
 Fighting Skills
   bare handed combat [Unskilled]
   two weapon combat  [Unskilled]
   riding             [Unskilled]
 Weapon Skills
   dagger             [Unskilled]
   knife              [Unskilled]
   pick-axe           [Basic]
   short sword        [Unskilled]
   saber              [Unskilled]
   club               [Unskilled]
   quarterstaff       [Unskilled]
   sling              [Unskilled]
   dart               [Unskilled]
   boomerang          [Unskilled]
   whip               [Basic]
   unicorn horn       [Unskilled]
 Spellcasting Skills
   attack spells      [Unskilled]
   healing spells     [Unskilled]
   divination spells  [Unskilled]
   matter spells      [Unskilled]

Voluntary challenges:
 Character rerolling was not enabled.
 You never had a pet.
 You never genocided any monsters.
 You never polymorphed an object.
 You never changed form.
 You used no wishes.
Achievements:
 You attained the rank of Field Worker.
 You entered the Gnomish Mines.

 The Dungeons of Doom: levels 1 to 3
    Level 1: "2ch"
       A fountain, a sink.
    Level 2:
    Level 3:
       A fountain, a sink.
       Stairs down to The Gnomish Mines.
 The Gnomish Mines: levels 4 to 5
    Level 4:
    Level 5: <- You were here.
       Final resting place for
          you, burned by a tower of flame, while frozen by a potion.


Vanquished creatures:
  a leprechaun
  a gray ooze
  a paper golem
  3 giant ants
  a dwarf zombie
  2 iguanas
 an acid blob
  a coyote
  a gas spore
  a large kobold
  a yellow mold
  2 green molds
  2 gnomes
  4 garter snakes
  a gnome zombie
  2 geckos
  2 jackals
  2 foxes
  4 goblins
  3 grid bugs
  a lichen
  2 kobold zombies
  8 newts
47 creatures vanquished.

No species were genocided or became extinct.

Game over:
                       ----------
                      /          \
                     /    REST    \
                    /      IN      \
                   /     PEACE      \
                  /                  \
                  |    ArrBianca     |
                  |       0 Au       |
                  |   burned by a    |
                  |  tower of flame  |
                  |                  |
                  |                  |
                  |       2026       |
                 *|     *  *  *      | *
        _________)/\\_//(\/(/\)/\//\/|_)_______

Goodbye ArrBianca the Archeologist...

You burned in The Gnomish Mines on dungeon level 5 with 936 points,
and 0 pieces of gold, after 2132 moves.
You were level 5 with a maximum of 38 hit points when you burned.

